 Dungeon Crawl Stone Soup version 0.31.0-11-ge490571c62 (webtiles) character file.

Game seed: 6959222524512654281

2341 qw the Skirmisher (level 9, -27/52 HPs)
             Began as a Deep Elf Hunter on Feb 4, 2024.
             Was a Believer of Okawaru.
             Annihilated by an ogre
             ... wielding a +0 giant club
              (30 damage)
             ... on level 6 of the Dungeon.
             The game lasted 00:00:21 (5695 turns).

qw the Skirmisher (Deep Elf Hunter)                 Turns: 5695, Time: 00:00:22

Health: -27/52     AC: 11    Str: 12    XL:     9   Next: 20%
Magic:  13/13      EV: 13    Int: 15    God:    Okawaru [**....]
Gold:   75         SH:  0    Dex: 18    Spells: 8/8 levels left

rFire   + . .        a - +0 shortbow (heavy)
rCold   . . .        (shield currently unavailable)
rNeg    . . .        b - +4 ring mail {rF+}
rPois   .            (no helmet)
rElec   .            k - +0 cloak
rCorr   .            n - +0 pair of gloves {Stlth+}
SInv    .            (no boots)
Will    +....        (no amulet)
Stlth   ++           l - ring of willpower
HPRegen 0.28/turn    (no ring)
MPRegen 0.13/turn

%: no passive effects
@: about to teleport
A: no striking features
a: Renounce Religion, Heroism


You were on level 6 of the Dungeon.
You worshipped Okawaru.
Okawaru was pleased with you.
You visited 2 branches of the dungeon, and saw 7 of its levels.
You also visited: Sewer.

You collected 374 gold pieces.
You spent 299 gold pieces at shops.


   Skills:
 - Level 4.0 Fighting
 - Level 14.0 Ranged Weapons
 + Level 1.8 Armour
 - Level 5.0 Dodging
 - Level 1.2 Stealth
 + Level 2.8 Invocations


You had 8 spell levels left.
You didn't know any spells.
Your spell library was empty.

Inventory:

Hand Weapons
 a - a +0 heavy shortbow (weapon)
Armour
 b - a +4 ring mail of fire resistance (worn)
 k - a +0 cloak (worn)
 n - a +0 pair of gloves of stealth (worn)
Jewellery
 f - an amulet of guardian spirit
 l - a ring of willpower (left hand)
Wands
 d - a wand of quicksilver (5)
 m - a wand of roots (11)
Potions
 c - 2 potions of curing
 e - a potion of might {unknown}
 h - a potion of heal wounds
 j - a potion of mutation {unknown}

Dungeon Overview and Level Annotations

Branches:
Dungeon (6/15)             Temple (1/1) D:5           Sewer (visited)

Altars:
Ashenzari
Cheibriados
Elyvilon
Gozag
Hepliaklqana
Kikubaaqudgha
Makhleb
Nemelex Xobeh
Okawaru
Qazlal
Ru
Sif Muna
Trog
Vehumet
Wu Jian
Xom
Yredelemnul
Zin
The Shining One

Shops:
D:5 [

Annotations:
D:5 3 runed translucent doors, qw's ghost, novice SpHu


Message History

An ufetubus comes into view.
You shoot an arrow. The arrow hits the ufetubus.
The ufetubus shouts!
The ufetubus is heavily wounded.
You shoot an arrow. The arrow hits the ufetubus!
You kill the ufetubus!
Okawaru accepts your kill.
An ogre comes into view. It is wielding a +0 giant club.
You shoot an arrow. The arrow hits the ogre.
The ogre shouts!
The ogre is moderately wounded.
You shoot an arrow. The arrow hits the ogre!!
The ogre is almost dead.
You hear a howl!
A howler monkey comes into view.
You shoot an arrow. The arrow barely misses the ogre.
You shoot an arrow. The arrow hits the ogre.
The ogre is almost dead.
An ufetubus comes into view.
The howler monkey hoots and howls with incredible vigour!
You shoot an arrow. The ufetubus shouts!
The arrow hits the ogre but does no damage.
The ogre is almost dead.
You shoot an arrow. The arrow completely misses the ogre.
The arrow barely misses the howler monkey.
The arrow hits the ufetubus but does no damage.
The ogre hits you with a +0 giant club!
You shoot an arrow.
The arrow hits the ogre but does no damage.
The ogre is almost dead.
The ogre hits you with a +0 giant club!!
Ouch! That really hurt!
5695 ||| READING scroll of teleportation.
As you read the scroll of teleportation, it crumbles to dust.
You feel strangely unstable.
The howler monkey hoots and howls with incredible vigour!
The ogre hits you with a +0 giant club!!
Ouch! That really hurt!
You die...

.............##.##
#
.####...#######.#
##...## #.## #
###.....# ##.###
....#...## ##...
###.#...# ##.#
####.##.## #.#
#.......# #..
#.##@#### ###
#Oh......
.5##....# ...#
.#.# ..... ..
...#.# .# .......
# ...###..


You could see an ogre, a howler monkey (catching breath) and an ufetubus.

Vanquished Creatures
  A two-headed ogre (D:5)
  Grinder (D:3)
  A sky beast (D:6)
  2 black bears
  An ogre (D:5)
  3 phantoms
  Blork the orc (D:5)
  5 wights
  A bombardier beetle (D:4)
  4 jellies (Sewer)
  2 orc priests (D:5)
  2 iguanas
  Ijyb (D:5)
  4 orc wizards
  4 gnolls
  9 adders
  A white imp (D:6)
  3 ufetubi
  2 ribbon worms
  3 dart slugs
  15 orcs
  11 ball pythons
  3 bats
  13 endoplasms
  10 giant cockroaches
  7 goblins
  5 hobgoblins
  8 kobolds
  6 quokkas
  3 frilled lizards (Sewer)
  9 rats
141 creatures vanquished.

Notes
Turn   | Place    | Note
-------+----------+-------------------------------------------
     0 | D:1      | qw the Deep Elf Hunter began the quest for the Orb.
     0 | D:1      | Reached XP level 1. HP: 12/12 MP: 3/3
     0 | D:1      | 0 ||| qw: Version: 0.3-a-160-g6735b56
     0 | D:1      | 0 ||| qw: Game counter: 5631
     0 | D:1      | 0 ||| qw: Melee chars always use a shield: true
     0 | D:1      | 0 ||| qw: God list: Okawaru
     0 | D:1      | 0 ||| qw: Allow faded altars: false
     0 | D:1      | 0 ||| qw: Do Orc after clearing Dungeon:15 true
     0 | D:1      | 0 ||| qw: Do second Lair branch before Depths: true
     0 | D:1      | 0 ||| qw: Lair rune preference: random
     0 | D:1      | 0 ||| qw: Goals: Normal
     0 | D:1      | 0 ||| PLANNING D:1-11
    62 | D:1      | Reached skill level 6 in Ranged Weapons
    62 | D:1      | Reached XP level 2. HP: 8/16 MP: 4/4
   354 | D:1      | Reached XP level 3. HP: 17/20 MP: 5/5
   833 | D:1      | 833 ||| UPGRADING to amulet of guardian spirit.
   838 | D:1      | 838 ||| READING scroll labelled QATWUI EGRICUAZ.
   839 | D:1      | 839 ||| READING scroll labelled UTYUNUYFAVO.
   839 | D:1      | 839 ||| ENCHANTING +0 shortbow.
   840 | D:1      | 840 ||| READING scroll labelled QAIVVI TOHUNABB.
   867 | D:1      | 867 ||| READING scroll labelled PATZASSIGACW.
   968 | D:1      | 968 ||| READING scroll labelled XIEHAN JIDESHU.
   971 | D:1      | 971 ||| DROPPING scroll of butterflies.
  1064 | D:2      | Reached skill level 7 in Ranged Weapons
  1072 | D:2      | HP: 4/20 [hobgoblin (2)]
  1387 | D:2      | Reached XP level 4. HP: 25/25 MP: 6/6
  1693 | D:2      | 1693 ||| READING scroll labelled ZATOOSHRA DUKIE.
  1694 | D:2      | 1694 ||| READING scroll labelled SOG NAOTUOKH.
  1696 | D:2      | 1696 ||| Stepping ~*~*~tactically~*~*~ (cloud).
  1756 | D:3      | 1756 ||| PLANNING SEWER
  1825 | D:3      | Found a glowing drain.
  1836 | Sewer    | Entered a sewer
  1951 | Sewer    | Reached skill level 8 in Ranged Weapons
  1979 | Sewer    | Reached XP level 5. HP: 29/29 MP: 7/7
  2008 | Sewer    | Reached skill level 9 in Ranged Weapons
  2010 | Sewer    | Found a viscous altar of Jiyva.
  2028 | Sewer    | Reached skill level 3 in Dodging
  2095 | Sewer    | 2095 ||| UPGRADING to +0 scale mail.
  2105 | Sewer    | 2105 ||| DROPPING +0 leather armour.
  2106 | Sewer    | 2106 ||| DRINKING 2 blue potions.
  2107 | Sewer    | 2107 ||| DRINKING 3 metallic grey potions.
  2123 | D:3      | 2123 ||| PLANNING D:1-11
  2328 | D:3      | Noticed Grinder
  2329 | D:3      | 2329 ||| DRINKING potion of haste.
  2329 | D:3      | Paralysed by Grinder for 3 turns
  2345 | D:3      | Killed Grinder
  2346 | D:3      | Reached skill level 3 in Fighting
  2346 | D:3      | Reached XP level 6. HP: 10/37 MP: 2/8
  2672 | D:3      | Reached skill level 1 in Armour
  2672 | D:3      | Reached XP level 7. HP: 24/41 MP: 6/9
  3089 | D:3      | 3089 ||| UPGRADING to ring of willpower.
  3090 | D:3      | 3090 ||| READING 2 scrolls labelled ZEELUC SUOCLEA.
  3090 | D:3      | 3090 ||| BRANDING +0 shortbow.
  3091 | D:3      | 3091 ||| READING scroll of brand weapon.
  3091 | D:3      | 3091 ||| BRANDING +0 shortbow of freezing.
  3092 | D:3      | 3092 ||| READING 2 scrolls labelled GISKEO RAR JILOETZ.
  3093 | D:3      | 3093 ||| DROPPING scroll of fear.
  3487 | D:4      | Found a stormy altar of Qazlal.
  3521 | D:4      | Found a broken altar of Ashenzari.
  3527 | D:4      | Reached skill level 10 in Ranged Weapons
  3528 | D:4      | Found a bloodstained altar of Trog.
  3528 | D:4      | Found a sacrificial altar of Ru.
  3817 | D:4      | 3817 ||| UPGRADING to +0 ring mail.
  3827 | D:4      | 3827 ||| DROPPING +0 scale mail.
  3828 | D:4      | 3828 ||| DROPPING scarf of harm.
  3829 | D:4      | 3829 ||| READING 2 scrolls labelled FAUSOA ELICIV.
  3829 | D:4      | 3829 ||| IDENTIFYING pink potion
  3830 | D:4      | 3830 ||| READING scroll of identify.
  3830 | D:4      | 3830 ||| IDENTIFYING sedimented silvery potion
  3831 | D:4      | 3831 ||| READING scroll labelled QAYZ OSTUCLYU.
  3932 | D:4      | 3932 ||| READING scroll labelled LEWAGAEPPO.
  3933 | D:4      | 3933 ||| DRINKING 2 black potions.
  3934 | D:4      | 3934 ||| DROPPING potion of invisibility.
  3935 | D:4      | 3935 ||| DROPPING potion of brilliance.
  3945 | D:5      | Entered Level 5 of the Dungeon
  4005 | D:5      | Found an opulent altar of Gozag.
  4038 | D:5      | Noticed Ijyb
  4044 | D:5      | Killed Ijyb
  4153 | D:5      | Found Jiafamakk's Antique Armour Boutique.
  4158 | D:5      | 4158 ||| BUYING cloak (112 gold).
  4158 | D:5      | Bought a cloak for 112 gold pieces
  4158 | D:5      | 4158 ||| BUYING pair of embroidered gloves (187 gold).
  4158 | D:5      | Bought a pair of embroidered gloves for 187 gold pieces
  4200 | D:5      | Reached skill level 11 in Ranged Weapons
  4283 | D:5      | Reached XP level 8. HP: 14/46 MP: 2/10
  4538 | D:5      | HP: 9/46 [something/puff of flame (3)]
  4539 | D:5      | 4539 ||| READING scroll of teleportation.
  4540 | D:5      | 4540 ||| DRINKING 2 potions of heal wounds.
  4600 | D:5      | Reached skill level 12 in Ranged Weapons
  4986 | D:5      | Found a runed translucent gate.
  4986 | D:5      | Found a runed translucent gate.
  4986 | D:5      | Found a runed translucent gate.
  4992 | D:5      | Noticed qw's ghost (novice SpHu)
  5051 | D:5      | Found a staircase to the Ecumenical Temple.
  5052 | D:5      | 5052 ||| PLANNING TEMPLE
  5054 | D:5      | 5054 ||| UPGRADING to +4 ring mail of fire resistance.
  5064 | D:5      | 5064 ||| DROPPING +0 ring mail.
  5065 | D:5      | 5065 ||| UPGRADING to +0 cloak.
  5070 | D:5      | 5070 ||| UPGRADING to +0 pair of gloves of stealth.
  5084 | Temple   | Entered the Ecumenical Temple
  5085 | Temple   | 5085 ||| PLANNING OKAWARU WORSHIP
  5099 | Temple   | Became a worshipper of Warmaster Okawaru
  5100 | Temple   | 5100 ||| PLANNING D:1-11
  5100 | Temple   | 5100 ||| REMOVING amulet of guardian spirit.
  5145 | D:5      | Noticed a two-headed ogre
  5146 | D:5      | 5146 ||| ZAPPING wand of quicksilver (9) at 7,1 (two-headed
                  | ogre; floor).
  5147 | D:5      | 5147 ||| ZAPPING wand of quicksilver (8) at 6,1 (two-headed
                  | ogre; floor).
  5148 | D:5      | 5148 ||| ZAPPING wand of quicksilver (7) at 5,0 (two-headed
                  | ogre; floor).
  5149 | D:5      | 5149 ||| ZAPPING wand of quicksilver (6) at 4,0 (two-headed
                  | ogre; floor).
  5149 | D:5      | Killed a two-headed ogre
  5149 | D:5      | Reached * piety under Okawaru
  5150 | D:5      | Reached skill level 13 in Ranged Weapons
  5156 | D:5      | Noticed Blork the orc
  5158 | D:5      | Killed Blork the orc
  5159 | D:5      | Reached XP level 9. HP: 51/51 MP: 11/11
  5394 | D:6      | Reached skill level 14 in Ranged Weapons
  5394 | D:6      | Reached skill level 1 in Invocations
  5431 | D:6      | 5431 ||| RETREEEEATING.
  5432 | D:6      | 5432 ||| RETREEEEATING.
  5433 | D:6      | 5433 ||| RETREEEEATING.
  5435 | D:6      | 5435 ||| RETREEEEATING.
  5436 | D:6      | 5436 ||| RETREEEEATING.
  5437 | D:6      | 5437 ||| RETREEEEATING.
  5438 | D:6      | 5438 ||| RETREEEEATING.
  5439 | D:6      | 5439 ||| RETREEEEATING.
  5675 | D:6      | Reached ** piety under Okawaru
  5694 | D:6      | HP: 3/52 [ogre/+0 giant club (32)]
  5695 | D:6      | 5695 ||| READING scroll of teleportation.
  5695 | D:6      | Annihilated by an ogre

Levels and vault maps discovered:
D:1:      giann_horns, layout_basic, minmay_pentomino_u4
D:2:      layout_loops_cross
D:3:      layout_basic, portal_sewer_entry_b, uniq_grinder
D:4:      layout_rooms, grunt_temple_overflow_open, minmay_gold_behind_fungi
D:5:      kennysheep_big_flooded_room, layout_loops_corners, marbit_many_paths,
          minmay_temple_entry_gardened_gates, gammafunk_ghost_necromancy,
          serial_shops, nicolae_shop_hallway_stairs, saegor_snake_ambush,
          uniq_blork_the_orc, uniq_ijyb
D:6:      layout_loops_cross
Temple:   eino_narrow_crystal_temple

Skill      XL: |  1  2  3  4  5  6  7  8  9 |
---------------+----------------------------+-----
Ranged Weapons | 6 7 8 9 11 13 14 | 14.0
Dodging        | 3 5 |  5.0
Fighting       | 3 4 |  4.0
Armour         | 1 |  1.8
Invocations    | 2 |  2.8
Stealth        | |  1.2

Action                     |  1- 3 |  4- 6 |  7- 9 || total
---------------------------+-------+-------+-------++-------
   Fire: Shortbow          |   146 |   148 |   188 ||   482
  Evoke: Wand              |       |       |     4 ||     4
    Use: Scroll            |     5 |     2 |     9 ||    16
         Potion            |       |     3 |     2 ||     5
 Armour: Leather armour    |    42 |     5 |       ||    47
         Scale mail        |       |    35 |    21 ||    56
         Ring mail         |       |       |    75 ||    75
  Dodge: Dodged            |    41 |    25 |    55 ||   121

Table legend:
 A = Non-vault XP
 B = Vault XP
 C = Vault XP percentage of total XP
 D = Non-vault monster count
 E = Vault monster count
 F = Vault count percentage of total count
                 A         B        C        D         E       F
            +---------+---------+-------+---------+---------+-------
      Total |    1793 |    1552 |  46.4 |      98 |      43 |  30.5
            +---------+---------+-------+---------+---------+-------
        D:1 |      50 |       7 |  12.3 |      17 |       4 |  19.0
        D:2 |      57 |       0 |   0.0 |      22 |       0 |   0.0
        D:3 |     144 |     285 |  66.4 |       9 |       5 |  35.7
        D:4 |     432 |       0 |   0.0 |      19 |       0 |   0.0
        D:5 |     592 |    1042 |  63.8 |      20 |       8 |  28.6
        D:6 |     518 |       0 |   0.0 |      11 |       0 |   0.0
      Sewer |       0 |     218 | 100.0 |       0 |      26 | 100.0
            +---------+---------+-------+---------+---------+-------
